 Dungeon Crawl Stone Soup version 0.30.1-11-g7821555f0a (webtiles) character file.

Game seed: 2465561309649618324

569 groovy9 the Sneak (level 7, 33/33 HPs)
             Began as a Spriggan Enchanter on Jan 12, 2024.
             Was an Initiate of Wu Jian.
             Quit the game on level 5 of the Dungeon.
             The game lasted 00:27:18 (4626 turns).

groovy9 the Sneak (Spriggan Enchanter)              Turns: 4626, Time: 00:27:18

Health: 33/33      AC:  2    Str:  4    XL:     7   Next: 11%
Magic:  14/14      EV: 24    Int: 22    God:    Wu Jian [......]
Gold:   218        SH:  0    Dex: 18    Spells: 9/14 levels left

rFire   . . .        h - +0 short sword (elec)
rCold   . . .        (no shield)
rNeg    . . .        b - +0 robe
rPois   .            (helmet restricted)
rElec   .            (no cloak)
rCorr   .            (gloves unavailable)
SInv    +            (boots unavailable)
Will    +....        s - amulet of magic regeneration
Stlth   ++++         i - +5 ring of evasion
HPRegen 0.25/turn    m - +6 ring of intelligence
MPRegen 0.54/turn

%: no passive effects
@: very quick
A: very small, no large weapons, unfitting armour, see invisible, speed 3
a: Renounce Religion


You were on level 5 of the Dungeon.
You worshipped Wu Jian.
Wu Jian was noncommittal.
You visited 1 branch of the dungeon, and saw 5 of its levels.

You collected 218 gold pieces.

Inventory:

Hand Weapons
 h - a +0 short sword of electrocution (weapon)
Armour
 b - a +0 robe (worn)
Jewellery
 i - a +5 ring of evasion (left hand)
 m - a +6 ring of intelligence (right hand)
 s - an amulet of magic regeneration (around neck)
 x - an amulet of faith
 y - an amulet of guardian spirit
Wands
 z - a wand of iceblast (10)
 B - a wand of flame (23)
Scrolls
 d - a scroll of vulnerability {unknown}
 e - 5 scrolls of identify {unknown}
 f - 2 scrolls of amnesia {unknown}
 g - 2 scrolls of noise {unknown}
 j - a scroll of enchant armour {unknown}
 l - a scroll of enchant weapon {unknown}
 r - 2 scrolls of acquirement {unknown}
 t - 2 scrolls of poison {unknown}
 C - a scroll of magic mapping {unknown}
Potions
 a - a potion of degeneration {unknown}
 c - 2 potions of invisibility
 k - 3 potions of attraction {unknown}
 n - a potion of cancellation {unknown}
 o - a potion of haste {unknown}
 p - 3 potions of curing {unknown}
 q - 2 potions of ambrosia {unknown}
 u - a potion of flight {unknown}
 v - a potion of resistance {unknown}
 w - a potion of lignification {unknown}
 A - 2 potions of berserk rage {unknown}


   Skills:
 - Level 1.4 Fighting
 + Level 4.1 Short Blades
 + Level 4.9 Dodging
 + Level 6.9 Stealth
 + Level 4.3 Spellcasting
 + Level 5.0 Hexes


You had 9 spell levels left.
You knew the following spells:

 Your Spells              Type           Power      Damage    Failure   Level
a - Confusing Touch       Hex            26%        N/A       4%          3
b - Ensorcelled Hibernat  Hex/Ice        30%        N/A       6%          2

Your spell library contained the following spells:

 Spells                   Type           Power      Damage    Failure   Level
 Tukima's Dance           Hex            26%        N/A       4%          3
 Magic Dart               Conj           16%        1d3       11%         1
 Sandblast                Erth           8%         2d5       11%         1
 Dazzling Flash           Conj/Hex       30%        N/A       12%         3
 Call Imp                 Summ           8%         N/A       16%         2
 Passwall                 Tmut/Erth      3%         N/A       16%         2
 Mephitic Cloud           Conj/Pois/Air  4%         N/A       32%         3
 Spider Form              Tmut/Pois      4%         N/A       32%         3
 Stone Arrow              Conj/Erth      8%         3d7       32%         3
 Anguish                  Hex/Necr       7%         N/A       36%         4


Dungeon Overview and Level Annotations

Branches:
Dungeon (5/15)
 Temple: D:4-7

Altars:
Cheibriados
Fedhas
Nemelex Xobeh
Qazlal
Trog
Wu Jian

Shops:
D:4 *   D:5 *


Innate Abilities, Weirdness & Mutations

You are very small and have problems with some larger weapons.
You are too small for most types of armour.
You have supernaturally acute eyesight. (SInv)
You cover ground extremely quickly. (Speed+++)


Message History

Lightning courses through the hobgoblin!
You kill the hobgoblin!
The Council accepts your kill.
No target in view!
You see here a hobgoblin corpse.
e - 5 scrolls labelled FECAHYRASS (gained 1)
Found Gaagybui's Assorted Antiques.
Found a stone staircase leading down.
There is an entrance to Gaagybui's Assorted Antiques here.
k - 3 dark potions (gained 1)
A - 2 fizzy emerald potions
Found a stone staircase leading up.
Found a pair of runed boots.
A dart slug comes into view.
The helpless dart slug fails to defend itself.
You impale the dart slug!!
You kill the dart slug!
The Council accepts your kill.
Your Hexes skill increases to level 5!
B - a wand of flame (23)
Found a stone staircase leading down.
An adder comes into view.
You see here a scroll labelled PYOPLO GEIGI.
C - a scroll labelled PYOPLO GEIGI You lunge at the adder, but your attack speed is too slow for a blow to land.
The adder hisses angrily.
The adder closely misses you.
You hit the adder.
The adder is heavily wounded.
The adder misses you.
You hit the adder. Lightning courses through the adder!
You kill the adder!
The Council accepts your kill.
Found a stone staircase leading down.
Unknown command.
Save game and exit?
Welcome back, groovy9 the Spriggan Enchanter.
The Council says: Follow the path of wisdom and battle!
Press ? for a list of commands and other information.
Are you sure you want to abandon this character and quit the game? (Confirm with "yes".)

#..#...... ##
#......... #.
..##.##### #. ###
#.# #. #.# #. #.#
#> #.####
#.###########....##
#.@................
#############.##...
#.##... #......
###.... #.... #....
#.... #....


There were no monsters in sight!

Vanquished Creatures
  Grinder (D:4)
  A water moccasin (D:5)
  A scorpion (D:4)
  Ijyb (D:5)
  An iguana (D:5)
  Robin (D:2)
  5 adders
  2 worms (D:2)
  2 dart slugs
  2 orcs (D:3)
  8 bats
  5 endoplasms
  6 giant cockroaches
  20 goblins
  9 hobgoblins
  A jackal (D:3)
  10 kobolds
  4 quokkas
  4 ball pythons
  5 frilled lizards
  8 rats (D:1)
97 creatures vanquished.

Notes
Turn   | Place    | Note
-------+----------+-------------------------------------------
     0 | D:1      | groovy9 the Spriggan Enchanter began the quest for the Orb.
     0 | D:1      | Reached XP level 1. HP: 9/9 MP: 5/5
   315 | D:1      | Reached XP level 2. HP: 14/14 MP: 6/6
   473 | D:1      | Found a faded altar of an unknown god.
   475 | D:1      | Noticed a floating eye
   479 | D:1      | Noticed a great orb of eyes
   485 | D:1      | Noticed a golden eye
   488 | D:1      | Noticed a great orb of eyes
   662 | D:1      | Reached skill level 5 in Stealth
   735 | D:1      | Reached skill level 1 in Fighting
  1152 | D:2      | Reached XP level 3. HP: 18/18 MP: 8/8
  1166 | D:2      | Learned a level 3 spell: Confusing Touch
  1385 | D:2      | Noticed Robin
  1468 | D:2      | Killed Robin
  1583 | D:2      | Reached XP level 4. HP: 21/22 MP: 5/9
  1977 | D:2      | Learned a level 2 spell: Ensorcelled Hibernation
  2876 | D:3      | Found a blossoming altar of Fedhas.
  3005 | D:3      | Found a stormy altar of Qazlal.
  3292 | D:3      | Found a snail-covered altar of Cheibriados.
  3508 | D:3      | Found a bloodstained altar of Trog.
  3603 | D:3      | Found an ornate altar of the Wu Jian Council.
  3611 | D:3      | Became a worshipper of the Wu Jian Council
  3935 | D:4      | Found Cann's Assorted Antiques.
  4015 | D:4      | Noticed a scorpion
  4030 | D:4      | Noticed Grinder
  4030 | D:4      | Paralysed by Grinder for 4 turns
  4049 | D:4      | Killed Grinder
  4050 | D:4      | Reached skill level 6 in Stealth
  4050 | D:4      | Reached XP level 5. HP: 24/25 MP: 9/11
  4050 | D:4      | Reached XP level 6. HP: 29/30 MP: 9/12
  4261 | D:4      | Found a sparkling altar of Nemelex Xobeh.
  4360 | D:5      | Entered Level 5 of the Dungeon
  4360 | D:5      | Noticed Ijyb
  4459 | D:5      | Killed Ijyb
  4482 | D:5      | Noticed a water moccasin
  4502 | D:5      | Killed a water moccasin
  4503 | D:5      | Reached XP level 7. HP: 33/33 MP: 12/14
  4539 | D:5      | Found Gaagybui's Assorted Antiques.
  4585 | D:5      | Reached skill level 5 in Hexes
  4626 | D:5      | Quit the game

Illustrated notes

Levels and vault maps discovered:
D:1:      dpeg_arrival_prison, layout_loops_corners,
          hellmonk_ecumenical_altar_watching_god
D:2:      minmay_recursive_quarters, layout_basic, minivault_11,
          serial_bayou_crossing, uniq_robin
D:3:      kennysheep_six_static_rooms, layout_basic,
          lemuel_coloured_pillars_altar, mainiacjoe_overflow_surrounded_room,
          nicolae_overflow_crystal_walls, nicolae_qazlal_scattered_showers,
          mainiacjoe_overflow_brackets, kennysheep_generic_room_14
D:4:      layout_rooms, nemelex_spade_bored_becter, serial_shops,
          nicolae_shop_hallway_stairs, uniq_grinder
D:5:      layout_loops_ring, mainiacjoe_overflow_paths, serial_shops,
          nicolae_shop_hallway_plus, nicolae_shop_trees, shop,
          nicolae_goblin_pals

Skill      XL: |  1  2  3  4  5  6  7 |
---------------+----------------------+-----
Stealth        | 5 6 |  6.9
Fighting       | 1 |  1.4
Short Blades   | 2 3 4 |  4.1
Dodging        | 3 4 |  4.9
Spellcasting   | 3 4 |  4.3
Hexes          | 4 5 |  5.0

Action                     |  1- 3 |  4- 6 |  7- 9 || total
---------------------------+-------+-------+-------++-------
  Melee: Dagger            |    54 |       |       ||    54
         Short sword       |    80 |   169 |     6 ||   255
         Punch             |     2 |     1 |       ||     3
   Cast: Confusing Touch   |     7 |    18 |       ||    25
Ability: Lunge             |       |       |     1 ||     1
    Use: Potion            |     1 |       |       ||     1
   Stab: Sleeping          |    19 |    12 |     1 ||    32
         Distracted        |     1 |       |       ||     1
         Confused          |     1 |    13 |       ||    14
 Armour: Robe              |    14 |     7 |       ||    21
  Dodge: Dodged            |   100 |   103 |     4 ||   207
